BSA
POCATELLO BELLAS @ JERSEY SHORE D-BAGS
03/09/2029
 
TOP OF THE 1ST
Pocatello Bellas batting - Pitching for Jersey Shore D-Bags : RHP John Jones
Pitching: RHP John Jones
Batting: LHB José Delgado 0-0: SINGLE (Groundball, 6MD)
Batting: LHB Pedro Camacho 0-0: Called Strike
0-1: Ball
1-1: Ball
2-1: TRIPLE (Flyball, 9D)
José Delgado scores
Batting: RHB Francisco Sandoval 0-0: SINGLE (Line Drive, 9LS)
Pedro Camacho scores
Batting: RHB Jackson Gibson 0-0: Ball
1-0: Swinging Strike
1-1: Foul Ball, location: 2F
1-2: Grounds into double play, 6-4-3 (Groundball, 6)
Batting: RHB Rafael Carreón 0-0: Swinging Strike
0-1: Foul Ball, location: 2F
0-2: Ball
1-2: Ground out 5-3 (Groundball, 56S)
Top of the 1st over - 2 runs, 3 hits, 0 errors, 0 left on base; Pocatello 2 - Jersey Shore 0
BOTTOM OF THE 1ST
Jersey Shore D-Bags batting - Pitching for Pocatello Bellas : RHP Jesús De Los Santos
Pitching: RHP Jesús De Los Santos
Batting: LHB Juan Hernández 0-0: Ball
1-0: Fly out, F8 (Flyball, 8RXD)
Batting: RHB Ricardo González 0-0: Called Strike
0-1: Ball
1-1: Ball
2-1: Foul Ball, location: 2F
2-2: Foul Ball, location: 2F
2-2: SINGLE (Flyball, 89S)
Batting: RHB Miguel Serna 0-0: Foul Ball, location: 2F
0-1: Called Strike
0-2: Strikes out swinging
Batting: LHB Dave Dodd 0-0: Ball
1-0: Fly out, F8 (Flyball, 8LS)
Bottom of the 1st over - 0 runs, 1 hit, 0 errors, 1 left on base; Pocatello 2 - Jersey Shore 0
TOP OF THE 2ND
Pocatello Bellas batting - Pitching for Jersey Shore D-Bags : RHP John Jones
Batting: LHB Héctor Rentería 0-0: Foul Ball, location: 2F
0-1: Ball
1-1: Foul Ball, location: 2F
1-2: Ball
2-2: Strikes out swinging
Batting: RHB Sergio Solíz 0-0: Ball
1-0: Swinging Strike
1-1: Ball
2-1: Hit by Pitch
Batting: RHB Tony Hernández 0-0: Called Strike
0-1: Ball
1-1: Called Strike
1-2: SINGLE (Groundball, 6MS) (infield hit)
Sergio Solíz to second
Batting: LHB Cisco Villanueva 0-0: Called Strike
0-1: Swinging Strike
0-2: Ground out 5-3 (Groundball, 5S)
Sergio Solíz to third
Tony Hernández to second
Batting: LHB José Delgado 0-0: Ball
1-0: Called Strike
1-1: Swinging Strike
1-2: Foul Ball, location: 2F
1-2: Ground out 4-3 (Groundball, 4S)
Top of the 2nd over - 0 runs, 1 hit, 0 errors, 2 left on base; Pocatello 2 - Jersey Shore 0
BOTTOM OF THE 2ND
Jersey Shore D-Bags batting - Pitching for Pocatello Bellas : RHP Jesús De Los Santos
Batting: LHB António Cedeño 0-0: Ball
1-0: Ground out 5-3 (Groundball, 15)
Batting: LHB Albert Morgan 0-0: Ball
1-0: Ground out U3 (Groundball, 3L)
Batting: RHB Mike Ingram 0-0: Called Strike
0-1: Foul Ball, location: 2F
0-2: Ball
1-2: Foul Ball, location: 2F
1-2: Ground out 5-3 (Groundball, 56)
Bottom of the 2nd over - 0 runs, 0 hits, 0 errors, 0 left on base; Pocatello 2 - Jersey Shore 0
TOP OF THE 3RD
Pocatello Bellas batting - Pitching for Jersey Shore D-Bags : RHP John Jones
Batting: LHB Pedro Camacho 0-0: Called Strike
0-1: Foul Ball, location: 2F
0-2: Ball
1-2: Foul Ball, location: 2F
1-2: Ball
2-2: Ball
3-2: Foul Ball, location: 2F
3-2: Base on Balls
Batting: RHB Francisco Sandoval 0-0: Called Strike
0-1: Ball
1-1: Ball
2-1: Ball
3-1: SINGLE (Line Drive, 89S)
Pedro Camacho to second
Batting: RHB Jackson Gibson 0-0: Ball
1-0: Called Strike
1-1: Ground out 5-3 (Groundball, 56S)
Pedro Camacho to third
Francisco Sandoval to second
Batting: RHB Rafael Carreón 0-0: Ball
1-0: Foul Ball, location: 2F
1-1: Foul Ball, location: 2F
1-2: SINGLE (Groundball, 6D)
Pedro Camacho scores
Francisco Sandoval to third
Runner from 3rd tries for Home, SAFE, throw made home
Batting: LHB Héctor Rentería 0-0: Ball
1-0: DOUBLE (Flyball, 8LD)
Rafael Carreón to third
Batting: RHB Sergio Solíz 0-0: Ball
1-0: Ground out U3 (Groundball, 3L)
Batting: RHB Tony Hernández 0-0: DOUBLE (Flyball, 78XD)
Rafael Carreón scores
Héctor Rentería scores
Pitching: RHP Cristóbal Santos
Batting: LHB Cisco Villanueva 0-0: Called Strike
0-1: Ball
1-1: Ball
2-1: Called Strike
2-2: Strikes out swinging
Top of the 3rd over - 4 runs, 4 hits, 0 errors, 1 left on base; Pocatello 6 - Jersey Shore 0
BOTTOM OF THE 3RD
Jersey Shore D-Bags batting - Pitching for Pocatello Bellas : RHP Jesús De Los Santos
Batting: RHB Jason Erickson 0-0: Ground out 5-3 (Groundball, 5)
Batting: RHB Tetsunori Ito 0-0: Swinging Strike
0-1: Foul Ball, location: 2F
0-2: Ball
1-2: Ground out 4-3 (Groundball, 4M)
Batting: LHB Juan Hernández 0-0: Called Strike
0-1: Ground out 6-3 (Groundball, 6)
Bottom of the 3rd over - 0 runs, 0 hits, 0 errors, 0 left on base; Pocatello 6 - Jersey Shore 0
TOP OF THE 4TH
Pocatello Bellas batting - Pitching for Jersey Shore D-Bags : RHP Cristóbal Santos
Batting: LHB José Delgado 0-0: Ball
1-0: Ball
2-0: Ball
3-0: Base on Balls
Batting: LHB Pedro Camacho 0-0: Called Strike
0-1: Ball
1-1: Swinging Strike
1-2: Ball
2-2: Foul Ball, location: 2F
2-2: SINGLE (Line Drive, 4M)
José Delgado to second
Runner from 2nd tries for 3rd, SAFE, throw made to third
Batting: RHB Francisco Sandoval 0-0: Called Strike
Pedro Camacho steals 2nd base
0-1: Swinging Strike
0-2: Ball
1-2: Ball
2-2: Ball
3-2: Fly out, F6 (Line Drive, 6M)
Batting: RHB Jackson Gibson 0-0: Ball
1-0: Swinging Strike
1-1: Swinging Strike
1-2: Strikes out swinging
Batting: RHB Rafael Carreón 0-0: Called Strike
0-1: Foul Ball, location: 2F
0-2: Strikes out looking
Top of the 4th over - 0 runs, 1 hit, 0 errors, 2 left on base; Pocatello 6 - Jersey Shore 0
BOTTOM OF THE 4TH
Jersey Shore D-Bags batting - Pitching for Pocatello Bellas : RHP Jesús De Los Santos
Batting: RHB Ricardo González 0-0: Foul Ball, location: 2F
0-1: Foul Ball, location: 2F
0-2: Ball
1-2: Ball
2-2: Foul Ball, location: 2F
2-2: Fly out, F6 (Popup, 6S)
Batting: RHB Miguel Serna 0-0: Called Strike
0-1: Swinging Strike
0-2: SINGLE (Flyball, 8RS)
Batting: LHB Dave Dodd 0-0: Called Strike
0-1: Ball
1-1: Ball
2-1: Swinging Strike
2-2: Foul Ball, location: 2F
2-2: Ball
3-2: Foul Ball, location: 2F
3-2: Strikes out swinging
Miguel Serna steals 2nd base
Batter strikes out.
Batting: LHB António Cedeño 0-0: Fly out, F9 (Flyball, 9S)
Bottom of the 4th over - 0 runs, 1 hit, 0 errors, 1 left on base; Pocatello 6 - Jersey Shore 0
TOP OF THE 5TH
Pocatello Bellas batting - Pitching for Jersey Shore D-Bags : RHP Cristóbal Santos
Batting: LHB Héctor Rentería 0-0: Foul Ball, location: 2F
0-1: Ball
1-1: Called Strike
1-2: Strikes out swinging
Batting: RHB Sergio Solíz 0-0: Foul Ball, location: 2F
0-1: Ground out 6-3 (Groundball, 6S)
Batting: RHB Tony Hernández 0-0: Fly out, F8 (Flyball, 8LD)
Top of the 5th over - 0 runs, 0 hits, 0 errors, 0 left on base; Pocatello 6 - Jersey Shore 0
BOTTOM OF THE 5TH
Jersey Shore D-Bags batting - Pitching for Pocatello Bellas : RHP Jesús De Los Santos
Pitching: LHP Pedro Mata
Batting: LHB Albert Morgan 0-0: Fly out, F3 (Popup, 34)
Batting: RHB Mike Ingram 0-0: Called Strike
0-1: Ball
1-1: Ball
2-1: Swinging Strike
2-2: Foul Ball, location: 2F
2-2: SINGLE (Groundball, 34S) (infield hit)
Batting: RHB Jason Erickson 0-0: Grounds into double play, 1-6-3 (Groundball, 13S)
Bottom of the 5th over - 0 runs, 1 hit, 0 errors, 0 left on base; Pocatello 6 - Jersey Shore 0
TOP OF THE 6TH
Pocatello Bellas batting - Pitching for Jersey Shore D-Bags : RHP Cristóbal Santos
Batting: LHB Cisco Villanueva 0-0: Foul Ball, location: 2F
0-1: Ball
1-1: Foul Ball, location: 2F
1-2: Strikes out swinging
Pinch Hitting: RHB Tomás Carranza 0-0: Swinging Strike
0-1: Ball
1-1: Ball
2-1: Ball
3-1: Foul Ball, location: 2F
3-2: Ground out 6-3 (Groundball, 6M)
Pinch Hitting: RHB Toshimichi Kono 0-0: SINGLE (Line Drive, 9S)
Pinch Hitting: LHB Ray Bryant 0-0: Ball
1-0: Ball
2-0: Called Strike
2-1: Ball
3-1: Called Strike
3-2: Foul Ball, location: 2F
3-2: Strikes out swinging
Top of the 6th over - 0 runs, 1 hit, 0 errors, 1 left on base; Pocatello 6 - Jersey Shore 0
BOTTOM OF THE 6TH
Jersey Shore D-Bags batting - Pitching for Pocatello Bellas : LHP Pedro Mata
Now at 1B: Toshimichi Kono
Now at 3B: Enrico Rodríguez
Now in CF: Tomás Carranza
Batting: RHB Tetsunori Ito 0-0: Called Strike
0-1: Foul Ball, location: 2F
0-2: Strikes out swinging
Batting: LHB Juan Hernández 0-0: Foul Ball, location: 2F
0-1: Foul Ball, location: 2F
0-2: Reached on error, E8 (Line Drive, 8RD)
Batting: RHB Ricardo González 0-0: Ball
1-0: Called Strike
1-1: Foul Ball, location: 2F
1-2: Ball
2-2: Ball
3-2: Strikes out looking
Batting: RHB Miguel Serna 0-0: Ball
Juan Hernández steals 2nd base
1-0: Called Strike
1-1: Swinging Strike
1-2: Ball
2-2: 2-RUN HOME RUN (Line Drive, 7D), Distance : 380 ft
Pitching: RHP Flávio De Brito
Batting: LHB Dave Dodd 0-0: Ball
1-0: Foul Ball, location: 2F
1-1: Foul Ball, location: 2F
1-2: Ball
2-2: Ball
3-2: Foul Ball, location: 2F
3-2: SOLO HOME RUN (Flyball, 89XD), Distance : 435 ft
Batting: LHB António Cedeño 0-0: Ball
1-0: SOLO HOME RUN (Flyball, 89XD), Distance : 432 ft
Pitching: LHP Alberto Cabrera
Batting: LHB Albert Morgan 0-0: Foul Ball, location: 2F
0-1: Ground out U3 (Groundball, 34)
Bottom of the 6th over - 4 runs, 3 hits, 1 error, 0 left on base; Pocatello 6 - Jersey Shore 4
TOP OF THE 7TH
Pocatello Bellas batting - Pitching for Jersey Shore D-Bags : RHP Cristóbal Santos
Pitching: LHP Dave Blackwell
Batting: RHB Jeremy Carr 0-0: Swinging Strike
0-1: Foul Ball, location: 2F
0-2: Ball
1-2: Strikes out swinging
Batting: RHB Rafael Carreón 0-0: Called Strike
0-1: Ball
1-1: Ball
2-1: Ball
3-1: Base on Balls
Pinch Hitting: RHB R.J. Parker 0-0: Ball
1-0: Ball
2-0: Swinging Strike
2-1: Swinging Strike
2-2: Foul Ball, location: 2F
2-2: Ball
3-2: Base on Balls
Rafael Carreón to second
Pinch Hitting: RHB Francisco Ibarra 0-0: Ball
1-0: Foul Ball, location: 2F
1-1: Called Strike
1-2: Ball
2-2: Strikes out swinging
Pinch Hitting: RHB Enrique Soto 0-0: Ball
Wild Pitch!
Rafael Carreón to third
R.J. Parker to second
1-0: Ball
2-0: Called Strike
2-1: Ground out 5-3 (Groundball, 2L)
Top of the 7th over - 0 runs, 0 hits, 0 errors, 2 left on base; Pocatello 6 - Jersey Shore 4
BOTTOM OF THE 7TH
Jersey Shore D-Bags batting - Pitching for Pocatello Bellas : LHP Alberto Cabrera
Now at 2B: Morgan Gibbon
Now at SS: Jaime Padilla
Now in RF: Enrique Soto
Batting: RHB Mike Ingram 0-0: Called Strike
0-1: Ball
1-1: Ball
2-1: SINGLE (Groundball, 4D)
Batting: RHB Jason Erickson 0-0: Ball
1-0: Ball
2-0: Foul Ball, location: 2F
2-1: Ball
3-1: Swinging Strike
3-2: Ground out 4-3 (Groundball, 4)
Mike Ingram to second
Batting: RHB Tetsunori Ito 0-0: Called Strike
0-1: Ball
1-1: Fly out, F7 (Flyball, 7LSF)
Pinch Hitting: RHB Pat Fullerton 0-0: Called Strike
0-1: Ball
Error on foul ball, E2
1-2: Ball
2-2: Foul Ball, location: 2F
2-2: Ball
3-2: Foul Ball, location: 2F
3-2: Strikes out swinging
Bottom of the 7th over - 0 runs, 1 hit, 1 error, 1 left on base; Pocatello 6 - Jersey Shore 4
TOP OF THE 8TH
Pocatello Bellas batting - Pitching for Jersey Shore D-Bags : LHP Dave Blackwell
Now in LF: Pat Fullerton
Pinch Hitting: RHB Octávio Zúñiga 0-0: Called Strike
0-1: Called Strike
0-2: Foul Ball, location: 2F
0-2: Ball
1-2: Ball
2-2: Strikes out swinging
Batting: RHB Tomás Carranza 0-0: Foul Ball, location: 2F
0-1: SINGLE (Groundball, 34D)
Batting: RHB Toshimichi Kono 0-0: Ball
1-0: SINGLE (Flyball, 89S)
Tomás Carranza to second
Runner from 2nd tries for 3rd, SAFE, throw made to third
Batting: RHB Enrico Rodríguez 0-0: Called Strike
0-1: Fly out, F4 (Line Drive, 4)
Batting: RHB Jeremy Carr 0-0: Fielders Choice at 2nd, 5-4 (Groundball, 56)
Top of the 8th over - 0 runs, 2 hits, 0 errors, 2 left on base; Pocatello 6 - Jersey Shore 4
BOTTOM OF THE 8TH
Jersey Shore D-Bags batting - Pitching for Pocatello Bellas : LHP Alberto Cabrera
Now in LF: Octávio Zúñiga
Batting: RHB Ricardo González 0-0: Ball
1-0: Ball
2-0: Ball
3-0: Called Strike
3-1: Base on Balls
Batting: RHB Miguel Serna 0-0: Called Strike
0-1: Ball
1-1: Foul Ball, location: 2F
1-2: Ball
2-2: Foul Ball, location: 2F
2-2: SINGLE (Line Drive, 4MD)
Ricardo González to second
Batting: LHB Dave Dodd 0-0: Ball
1-0: Ball
2-0: Ball
3-0: Called Strike
3-1: Called Strike
3-2: Base on Balls
Ricardo González to third
Miguel Serna to second
Pinch Hitting: LHB Marcos Villarreal 0-0: Foul Ball, location: 2F
0-1: Called Strike
0-2: Ball
1-2: SINGLE (Groundball, 6D)
Ricardo González scores
Miguel Serna to third
Dave Dodd to second
Runner from 3rd tries for Home, SAFE, throw made home
Pitching: LHP Santiago González
Batting: RHB Lowie van den Bogaert 0-0: Ball
1-0: Bunted foul
1-1: Sac Bunt - play at first, batter OUT! 1-4
Dave Dodd to third
Marcos Villarreal to second
Batting: RHB Mike Ingram 0-0: Ball
1-0: Ball
Wild Pitch!
Dave Dodd scores
Marcos Villarreal to third
2-0: SINGLE (Line Drive, 3D)
Marcos Villarreal scores
Batting: RHB Jason Erickson 0-0: Ball
1-0: Called Strike
1-1: Swinging Strike
1-2: Ball
2-2: Strikes out looking
Batting: RHB Tetsunori Ito 0-0: Called Strike
0-1: Called Strike
0-2: Ball
Mike Ingram is caught stealing 2nd base
Bottom of the 8th over - 4 runs, 3 hits, 0 errors, 0 left on base; Pocatello 6 - Jersey Shore 8
TOP OF THE 9TH
Pocatello Bellas batting - Pitching for Jersey Shore D-Bags : LHP Dave Blackwell
Pitching: LHP Gerald Johnson
Now at 1B: Marcos Villarreal
Pinch Hitting: RHB Clyde Kelley 0-0: Ball
1-0: Ground out 6-3 (Groundball, 6)
Batting: RHB Morgan Gibbon 0-0: Ball
1-0: SINGLE (Flyball, 78S)
Batting: LHB Jaime Padilla 0-0: Ball
1-0: Hit by Pitch
Morgan Gibbon to second
Batting: RHB Enrique Soto 0-0: Ball
1-0: Called Strike
1-1: Swinging Strike
1-2: Strikes out swinging
Batting: RHB Octávio Zúñiga 0-0: Ball
1-0: Called Strike
1-1: Ball
2-1: Foul Ball, location: 2F
2-2: Ball
3-2: Foul Ball, location: 2F
3-2: Foul Ball, location: 2F
3-2: Ground out 5-3 (Groundball, 56)
Top of the 9th over - 0 runs, 1 hit, 0 errors, 2 left on base; Pocatello 6 - Jersey Shore 8
Saturday, December 16th, 2017 - OOTP Baseball 18.8 Build 76